 Dungeon Crawl Stone Soup version 0.30-a0-691-g754fce4c43 (webtiles) character file.

Game seed: 12901794142844509005

26199 NinjaNoafa the Immaculate (level 13, -6/114 (116) HPs)
             Began as a Hill Orc Fighter on Jan 19, 2023.
             Was a High Priest of Zin.
             Mangled by a death yak (16 damage)
             ... on level 4 of the Lair of Beasts.
             The game lasted 00:36:12 (18424 turns).

NinjaNoafa the Immaculate (Hill Orc Fighter)       Turns: 18424, Time: 00:36:13

HP:   -6/114 (116)  AC: 24    Str: 28      XL:     13   Next: 24%
MP:   5/7           EV: 15    Int:  9 (10) God:    Zin [*****.]
Gold: 222           SH: 11    Dex: 14      Spells: 12/12 levels left

rFire   + + +      SeeInvis .    a - +5 eveningstar of Ynuwka Ozao {antimagic, rF+ Int+3}
rCold   + + .      Faith    .    c - +0 buckler
rNeg    . . .      Spirit   .    x - +0 plate armour
rPois   ∞          Reflect  +    T - +2 helmet
rElec   .          Harm     .    A - scarf {+Inv}
rCorr   +          Rampage  .    i - +1 pair of gloves
Will    .....                    m - +2 pair of boots Stlth
                                 R - amulet of reflection
HPRegen 0.39/turn                U - +5 ring of evasion
MPRegen 0.10/turn                f - ring "Ypoenau" {rF++ rC++ rCorr Int-5 Slay+4}

@: mighty, vitalised, on recite cooldown, hasted, lightly drained, very quick
A: no striking features
a: Renounce Religion, Evoke Invisibility, Recite, Vitalisation, Imprison,
Sanctuary, Donate Gold


You were on level 4 of the Lair of Beasts.
You worshipped Zin.
Zin was extremely pleased with you.
You visited 3 branches of the dungeon, and saw 17 of its levels.
You also visited: Ossuary.

You collected 1099 gold pieces.
You donated 877 gold pieces to Zin.

Inventory:

Hand Weapons
 a - the +5 eveningstar of Ynuwka Ozao (weapon) {antimagic, rF+ Int+3}
   (You acquired it on level 4 of the Lair of Beasts)

   Int:       It affects your intelligence (+3).
   rF:        It protects you from fire.
 b - a +3 flail of holy wrath
Missiles
 n - 16 poisoned darts (quivered)
 p - a throwing net
 F - 2 javelins
 G - 6 boomerangs
Armour
 c - a +0 buckler (worn)
 i - a +1 pair of gloves (worn)
 m - a +2 pair of boots (worn)
 x - a +0 plate armour (worn)
 A - a scarf of invisibility (worn)
 T - a +2 helmet (worn)
Jewellery
 f - the ring "Ypoenau" (right hand) {rF++ rC++ rCorr Int-5 Slay+4}
   (You acquired it on level 5 of the Dungeon)

   [ring of slaying]

   Int:       It affects your intelligence (-5).
   Slay:      It affects your accuracy & damage with ranged weapons and melee
   (+4).
   rF:        It greatly protects you from fire.
   rC:        It greatly protects you from cold.
   rCorr:     It protects you from acid and corrosion.
 w - a ring of see invisible
 R - an amulet of reflection (around neck)
 U - a +5 ring of evasion (left hand)
 W - a ring of positive energy
Wands
 E - a wand of roots (15)
 H - a wand of charming (40)
 K - a wand of flame (49)
 Q - a wand of acid (12)
 Y - a wand of mindburst (3)
Scrolls
 e - a scroll of butterflies {unknown}
 g - 2 scrolls of immolation {unknown}
 j - 3 scrolls of blinking
 k - 2 scrolls of poison
 s - 5 scrolls of fear
 u - 3 scrolls of magic mapping
 v - a scroll of silence
 y - 11 scrolls of teleportation
 B - 2 scrolls of vulnerability {unknown}
 M - 2 scrolls of fog {unknown}
 S - a scroll of amnesia {unknown}
 Z - a scroll of torment {unknown}
Potions
 d - 2 potions of might
 h - 2 potions of lignification
 o - 9 potions of curing
 r - a potion of cancellation {unknown}
 t - 4 potions of haste
 z - 7 potions of mutation
 D - 3 potions of degeneration
 J - 2 potions of magic
 L - 3 potions of brilliance
 N - 6 potions of flight
 O - 2 potions of resistance
 P - 2 potions of ambrosia {unknown}
 V - 3 potions of attraction
 X - a potion of invisibility {unknown}
Miscellaneous
 I - a box of beasts


   Skills:
 + Level 11.0 Fighting
 - Level 7.8(8.4) Axes
 + Level 3.9(5.7) Maces & Flails
 + Level 10.8 Armour
 + Level 7.8 Dodging
 - Level 8.0 Shields
 + Level 12.5 Invocations
 - Level 8.0 Evocations


You had 12 spell levels left.
You didn't know any spells.
Your spell library contained the following spells:

 Spells                   Type           Power      Damage    Failure   Level
 Magic Dart               Conj           0%         1d3       98%         1
 Shock                    Conj/Air       0%         1d3       98%         1
 Slow                     Hex            0%         N/A       98%         1
 Sting                    Tmut/Pois      0%         1d3       98%         1
 Poisonous Vapours        Pois/Air       0%         N/A       99%         2
 Searing Ray              Conj           0%         2d4       99%         2
 Confusing Touch          Hex            0%         N/A       100%        3
 Swiftness                Air            0%         N/A       100%        3
 Vampiric Draining        Necr           0%         2d6       100%        3
 Airstrike                Air            0%         2d(0-16)  100%        4
 Fulminant Prism          Conj/Hex       0%         3d5       100%        4
 Olgreb's Toxic Radiance  Pois           0%         N/A       100%        4
 Petrify                  Tmut/Erth      0%         N/A       100%        4
 Eringya's Noxious Bog    Tmut/Pois      0%         N/A       100%        6


Dungeon Overview and Level Annotations

Branches:
Dungeon (11/15)            Temple (1/1) D:5            Lair (5/5) D:10
 Shoals (0/4) Lair:2        Snake (0/4) Lair:2        Slime (0/5) Lair:4
    Orc (0/2) D:10        Ossuary (visited)

Altars:
Ashenzari
Cheibriados
Dithmenos
Elyvilon
Fedhas
Gozag
Hepliaklqana
Kikubaaqudgha
Makhleb
Nemelex Xobeh
Okawaru
Qazlal
Ru
Sif Muna
Trog
Uskayaw
Vehumet
Wu Jian
Xom
Yredelemnul
Zin
The Shining One
Jiyva

Shops:
D:5 :

Annotations:
Lair:4 2 transporters, 1 runed translucent door


Message History

Snorg is engulfed in poison gas.
Snorg looks as sick as possible!
Snorg barely misses you. You block Snorg's attack. Snorg claws you!
You crush Snorg like a grape!!!
Snorg is almost dead.
You hear a bellow!
The death yak is engulfed in poison gas.
The death yak looks even sicker.
The death yak is engulfed in poison gas.
The death yak looks as sick as possible!
The death yak gores you!
* * * LOW HITPOINT WARNING * * *
You hammer Snorg like a gong!!!
You kill Snorg!
The death yak is engulfed in poison gas.
The death yak looks even sicker.
The death yak is engulfed in poison gas.
The death yak looks as sick as possible!
The death yak gores you!
* * * LOW HITPOINT WARNING * * *
You completely miss the death yak.
The death yak is moderately wounded.
The death yak is engulfed in poison gas.
The death yak looks as sick as possible!
The death yak gores you!
* * * LOW HITPOINT WARNING * * *
You puncture the death yak!
The death yak is heavily wounded.
The death yak is engulfed in poison gas.
The death yak looks as sick as possible!
The death yak gores you.
* * * LOW HITPOINT WARNING * * *
The death yak is engulfed in poison gas.
The death yak looks as sick as possible!
You feel better.
The death yak is engulfed in poison gas.
The death yak looks as sick as possible!
The death yak is engulfed in poison gas.
The death yak looks as sick as possible!
The death yak gores you!
You die...

##~~~# #~~~~♣## #♣~P~~P~# #
~♣~~~~~♣######## #### #####
#~.P..~~.#P☼P☼§########..####.#.#
.........§§§○§§§§§§§○§§..........
......^..§§○§§§°§○§○§☼☼.....≈PP~.
.........§☼§○§§○§§☼§§☼§....≈≈≈≈♣♣
.........§§§°§§.@☼§§☼○☼.).♣≈.P♣≈≈
###.....#§§##§PYY§○###§..♣≈P.P...
.##.....######§§§§§# #..P≈♣......
.##.....# #§§.§§###..≈≈.PP....
####....# ##.§○☼§.#..♣PP.....P
.##.....# ###§○§§☼##.≈♣≈...P...
.)##....# #.§§○§§###.P♣~.....(P
###.....## ###°§§§§##.♣♣♣.......
# #......# #......##..P≈≈.PP...


You could see 2 death yaks.

Vanquished Creatures
  A dire elephant (Lair:4)
  Snorg (Lair:4)
  A hydra (Lair:3)
  A boulder beetle (Lair:4)
  A two-headed ogre (D:9)
  8 death yaks
  The ghost of Newt the Skirmisher, a novice KoHu (Lair:1)
  The ghost of Dittersdorf the Trooper, a novice GrFi of Okawaru (D:7)
  A manticore (D:10)
  A black mamba (Lair:4)
  A gargoyle (D:10)
  A torpor snail (Lair:4)
  2 rime drakes (Lair:3)
  10 cane toads
  An unseen horror (D:10)
  6 komodo dragons
  5 trolls
  2 polar bears
  Prince Ribbit (D:8)
  Sigmund (D:4)
  A shadow (D:9)
  A snapping turtle (Lair:2)
  A wraith (D:10)
  3 wyverns
  14 yaks
  4 basilisks
  2 steam dragons
  A vampire mosquito (D:10)
  Edmund (D:5)
  An acid dragon (D:10)
  10 water moccasins
  2 ice beasts
  2 black bears
  A sky beast (D:4)
  An orc warrior (D:8)
  2 ogres
  5 wolves (Lair:2)
  6 centaurs
  A kobold brigand (D:6)
  9 bullfrogs
  A gnoll sergeant (D:7)
  2 necrophages
  A scorpion (D:5)
  4 water moccasin zombies (Ossuary)
  4 wights (D:8)
  The ghost of bronco the Sneak, a weakling OpBr (D:3)
  4 howler monkeys
  An electric eel (Lair:2)
  6 hounds
  3 quasits (D:7)
  A gnoll bouda (D:7)
  A jelly (D:3)
  5 orc priests
  Ijyb (D:4)
  8 orc wizards
  An iguana (D:5)
  2 mummies (Ossuary)
  Robin (D:3)
  12 gnolls
  13 adders
  3 ufetubi
  9 adder zombies (Ossuary)
  2 worms
  2 dart slugs
  33 orcs
  7 ball pythons
  2 bats (D:3)
  8 endoplasms
  4 giant cockroaches
  2 gnoll zombies (Ossuary)
  9 goblins
  13 hobgoblins
  10 jackals
  4 quokkas
  3 frilled lizards (D:3)
  13 kobolds
  4 kobold zombies (Ossuary)
  7 orc zombies (Ossuary)
  10 rats
332 creatures vanquished.

Vanquished Creatures (others)
  A bush (Lair:4)
  32 fungi
  46 plants
79 creatures vanquished.

Grand Total: 411 creatures vanquished

Notes
Turn   | Place    | Note
-------+----------+-------------------------------------------
     0 | D:1      | NinjaNoafa the Hill Orc Fighter began the quest for the
                  | Orb.
     0 | D:1      | Reached XP level 1. HP: 19/19 MP: 1/1
   140 | D:1      | Reached XP level 2. HP: 20/26 MP: 2/2
   655 | D:2      | Reached XP level 3. HP: 25/31 MP: 3/3
   743 | D:2      | Reached skill level 5 in Axes
  1507 | D:2      | Reached XP level 4. HP: 39/39 MP: 4/4
  1749 | D:3      | Found an ancient bone altar of Kikubaaqudgha.
  1870 | D:3      | Found a runed translucent door.
  1896 | D:3      | Noticed a necrophage
  1898 | D:3      | Found a transporter.
  1899 | D:3      | Found a transporter.
  1899 | D:3      | Noticed an ogre
  2083 | D:3      | Reached XP level 5. HP: 46/46 MP: 5/5
  2133 | D:3      | Found a faded altar of an unknown god.
  2330 | D:3      | Found an opulent altar of Gozag.
  2409 | D:3      | Found a shimmering altar of Xom.
  2709 | D:3      | Noticed bronco's ghost (weakling OpBr)
  2735 | D:4      | Noticed Robin
  2741 | D:3      | Killed Robin
  2912 | D:4      | Noticed a sky beast
  2918 | D:4      | Killed a sky beast
  2919 | D:4      | Reached XP level 6. HP: 55/55 MP: 6/6
  2942 | D:4      | Noticed Sigmund
  2950 | D:4      | Killed Sigmund
  2951 | D:4      | Reached skill level 5 in Fighting
  2951 | D:4      | Reached XP level 7. HP: 58/61 MP: 7/7
  3157 | D:4      | Reached skill level 5 in Armour
  3157 | D:4      | Reached skill level 5 in Shields
  3199 | D:4      | Noticed Ijyb
  3208 | D:4      | Killed Ijyb
  3696 | D:5      | Entered Level 5 of the Dungeon
  3731 | D:5      | Identified a scroll of acquirement
  3731 | D:5      | Acquired the ring "Ypoenau" {rF++ rC++ rCorr Int-5 Slay+4}
  3899 | D:5      | Found a sand-covered staircase.
  3919 | Ossuary  | Entered an ossuary
  3968 | Ossuary  | Reached XP level 8. HP: 69/71 MP: 8/8
  4224 | D:5      | Found a staircase to the Ecumenical Temple.
  4298 | Temple   | Entered the Ecumenical Temple
  4444 | Temple   | Became a worshipper of Zin the Law-Giver
  4444 | Temple   | Reached * piety under Zin
  4471 | D:5      | Donated 119 gold pieces to Zin
  4744 | D:5      | Noticed Edmund
  4757 | D:5      | Killed Edmund
  5145 | D:5      | Found Reanie Rouc's Book Shop.
  5529 | D:6      | Reached ** piety under Zin
  5559 | D:6      | Reached XP level 9. HP: 81/81 MP: 9/9
  5831 | D:6      | Found a snail-covered altar of Cheibriados.
  7388 | D:7      | Found a transporter.
  7391 | D:7      | Noticed Dittersdorf's ghost (novice GrFi)
  7420 | D:7      | Found a transporter.
  7773 | D:8      | Noticed Prince Ribbit
  7788 | D:8      | Killed Prince Ribbit
  7873 | D:3      | Killed bronco's ghost
  7874 | D:3      | Reached skill level 10 in Fighting
  8003 | D:3      | Reached XP level 10. HP: 79/93 MP: 10/10
  8323 | D:8      | Reached skill level 10 in Armour
  8337 | D:8      | Reached *** piety under Zin
  8397 | D:8      | Reached skill level 1 in Invocations
  8398 | D:8      | Reached skill level 1 in Dodging
  8428 | D:8      | Reached skill level 2 in Invocations
  8619 | D:8      | Reached **** piety under Zin
  9332 | D:9      | Reached skill level 3 in Invocations
  9570 | D:9      | Noticed a two-headed ogre
  9607 | D:9      | Killed a two-headed ogre
  9608 | D:9      | Reached skill level 4 in Invocations
  9864 | D:9      | Reached skill level 5 in Invocations
  9875 | D:9      | Reached skill level 5 in Dodging
 10006 | D:10     | Entered Level 10 of the Dungeon
 10047 | D:10     | Reached skill level 6 in Invocations
 10274 | D:10     | Reached XP level 11. HP: 94/99 MP: 15/15
 10302 | D:10     | Found a staircase to the Lair.
 10319 | D:10     | Reached ***** piety under Zin
 10338 | D:10     | Reached skill level 1 in Evocations
 10607 | D:10     | Found a staircase to the Orcish Mines.
 11344 | Lair:1   | Entered Level 1 of the Lair of Beasts
 11465 | D:7      | Killed Dittersdorf's ghost
 11813 | Lair:1   | Reached skill level 5 in Evocations
 11909 | Lair:1   | Found a large runed translucent door.
 11922 | Lair:1   | Reached skill level 7 in Invocations
 12214 | Lair:1   | Donated 317 gold pieces to Zin
 12406 | Lair:1   | Got the Compilation of the Switch
 12414 | Lair:1   | Found a large runed translucent door.
 12418 | Lair:1   | Noticed Newt's ghost (novice KoHu)
 12499 | Lair:1   | Reached skill level 8 in Invocations
 12848 | Lair:1   | Killed Newt's ghost
 13008 | Lair:2   | Reached skill level 9 in Invocations
 13141 | Lair:2   | Found a staircase to the Snake Pit.
 13474 | Lair:2   | Reached XP level 12. HP: 49/106 MP: 19/19
 13687 | Lair:2   | Found a staircase to the Shoals.
 14179 | Lair:3   | Noticed a death yak
 14179 | Lair:3   | Noticed a death yak
 14179 | Lair:3   | Noticed a death yak
 14179 | Lair:3   | Noticed a death yak
 14220 | Lair:2   | Killed a death yak
 14221 | Lair:2   | Reached skill level 10 in Invocations
 14471 | D:11     | Noticed a two-headed ogre
 14497 | D:10     | Reached skill level 11 in Invocations
 14701 | D:11     | Found a blossoming altar of Fedhas.
 14701 | D:11     | Found an ancient bone altar of Kikubaaqudgha.
 14755 | D:11     | Noticed a two-headed ogre
 14759 | D:11     | Noticed a centaur warrior
 14822 | D:11     | Noticed an ogre mage
 14911 | Lair:2   | Killed a death yak
 14916 | Lair:2   | Killed a death yak
 14917 | Lair:2   | Reached skill level 12 in Invocations
 15149 | Lair:2   | Donated 221 gold pieces to Zin
 15150 | Lair:2   | Donated 111 gold pieces to Zin
 15689 | Lair:3   | Noticed a death yak
 15691 | Lair:3   | Noticed a death yak
 15971 | Lair:3   | Identified the +9 flail "Ekhlinwepp" {freeze, Drain Int+8}
 16002 | Lair:3   | Noticed a four-headed hydra
 16013 | Lair:3   | Killed a four-headed hydra
 16383 | Lair:3   | Killed a death yak
 16384 | Lair:3   | Reached skill level 1 in Maces & Flails
 16398 | Lair:3   | Killed a death yak
 16425 | Lair:3   | Killed a death yak
 16876 | Lair:4   | Found a transporter.
 16949 | Lair:4   | Noticed a boulder beetle
 16981 | Lair:4   | Killed a boulder beetle
 17131 | Lair:4   | Noticed a dire elephant
 17147 | Lair:4   | Killed a dire elephant
 17148 | Lair:4   | Reached XP level 13. HP: 74/114 MP: 22/22
 17404 | Lair:4   | Found a runed translucent door.
 17405 | Lair:4   | Found a viscous altar of Jiyva.
 17407 | Lair:4   | Found a staircase to the Slime Pits.
 17584 | Lair:4   | Acquired the +5 eveningstar of Ynuwka Ozao {antimagic, rF+
                  | Int+3}
 18034 | Lair:4   | Found a transporter.
 18387 | Lair:5   | Entered Level 5 of the Lair of Beasts
 18387 | Lair:5   | Noticed Snorg
 18420 | Lair:4   | Killed Snorg
 18422 | Lair:4   | HP: 2/114 [death yak (5)]
 18424 | Lair:4   | Mangled by a death yak

Illustrated notes

Levels and vault maps discovered:
D:1:      roderic_dead_forest, layout_loops_ring
D:2:      layout_loops_corners, kennysheep_cross_bottleneck
D:3:      layout_basic, gammafunk_temple_overflow_arena, tgw_xom,
          mainiacjoe_overflow_boulevard, shapermc_ecumenical_altar_acropolis,
          ebering_ghost_sewer_d, kennysheep_nub, minmay_ruptured
D:4:      layout_loops_corners, uniq_sigmund, uniq_robin, uniq_ijyb
D:5:      layout_basic, minmay_temple_entry_gardened_gates,
          lightli_ossuary_entry_decrepit_ruins, serial_shops, shop,
          minmay_misc_feat_plants, uniq_edmund
D:6:      layout_gridville, kennysheep_slug_shrine, cheibrodos_sewer_entry_bend
D:7:      layout_cave_pools, gammafunk_ghost_stat_death
D:8:      layout_basic, uniq_prince_ribbit1
D:9:      layout_basic, roderic_serpentine_path
D:10:     layout_basic, dpeg_oklobed_lair
D:11:     minmay_the_grid_octo_tiled_squarecenter_mashed
          [minmay_the_grid_octo_pinwheel, minmay_the_grid_octo_vomiting_pacman,
          minmay_the_grid_octo_shrine, minmay_the_grid_octo_horde,
          minmay_the_grid_square_5x5_megaprize_diamond,
          minmay_the_grid_square_5x5_shuriken,
          minmay_the_grid_square_5x5_intrusive_squares,
          minmay_the_grid_square_5x5_three, minmay_the_grid_square_5x5_inner_z],
          layout_stronghold, serial_shops, nicolae_shop_crystal
Temple:   compressed_dpeg_circular_temple
Lair:1:   layout_regular_city, ebering_ghost_disaster_area,
          minmay_stone_trees_small, serial_bayou_crossing
Lair:2:   layout_loops_ring, minmay_shoals_entry_hut, dummy_snake_entry,
          grunt_megastairs_4
Lair:3:   layout_layer_cave, lemuel_fruit_fields
Lair:4:   gammafunk_worm_tunnel, layout_long_grid, slime_entry_2,
          nicolae_lair_grazing_beasts [nicolae_sub_lair_graze_edge,
          nicolae_sub_lair_graze_edge, nicolae_sub_lair_graze_edge,
          nicolae_sub_lair_graze_edge], serial_bayou_shore_b, grunt_megastairs_1
Lair:5:   evilmike_catoblepas_cave, layout_cave_shapes, uniq_snorg,
          uniq_josephine

Skill      XL: |  1  2  3  4  5  6  7  8  9 10 11 12 13 |
---------------+----------------------------------------+-----
Axes           | 3 4 5 6 7 |  7.8
Fighting       | 4 5 6 7 10 11 | 11.0
Armour         | 4 5 7 9 10 | 10.8
Shields        | 4 5 7 8 |  8.0
Invocations    | 6 9 12 | 12.5
Dodging        | 5 6 7 |  7.8
Evocations     | 6 7 8 |  8.0
Maces & Flails | 2 3 |  3.9

Action                   |  1- 3 |  4- 6 |  7- 9 | 10-12 | 13-15 || total
-------------------------+-------+-------+-------+-------+-------++-------
Melee: War axe           |    98 |    90 |   332 |   532 |       ||  1052
       Flail             |       |       |       |    86 |    20 ||   106
       Eveningstar       |       |       |       |       |    49 ||    49
Throw: Boomerang         |       |       |     3 |       |       ||     3
       Dart              |       |       |     1 |    21 |       ||    22
       Javelin           |       |       |       |     6 |       ||     6
Invok: Donate Gold       |       |       |     1 |     3 |       ||     4
       Recite            |       |       |     3 |     2 |     1 ||     6
       Vitalisation      |       |       |       |     3 |     1 ||     4
Evoke: Wand              |       |     1 |     1 |     3 |       ||     5
  Use: Scroll            |       |       |     9 |     8 |     6 ||    23
       Potion            |       |       |     2 |     9 |     4 ||    15
Armor: Scale mail        |    41 |       |       |       |       ||    41
       Plate armour      |     9 |    68 |   287 |   424 |    20 ||   808
Dodge: Dodged            |    40 |    28 |   156 |   594 |    43 ||   861
Block: Buckler           |    25 |    34 |   134 |   229 |    34 ||   456

Table legend: (Time is in decaauts)
 A = Elapsed time spent in this place.
 B = Non-inter-level travel time spent in this place.
 C = Inter-level travel time spent in this place.
 D = Time resting spent in this place.
 E = Time spent auto-exploring this place.
 F = Levels seen in this place.
 G = Mean time per level.
                   A        B        C        D        E       F      G
               +--------+--------+--------+--------+--------+-----+--------+
         Total |  18752 |  17396 |   1356 |    255 |  13359 |  18 | 1041.8 |
       Dungeon |  11921 |  10829 |   1092 |     51 |   8502 |  11 | 1083.7 |
        Temple |    171 |    136 |     35 |      0 |     64 |   1 |  171.0 |
          Lair |   6467 |   6239 |    228 |    204 |   4710 |   5 | 1293.4 |
       Ossuary |    190 |    190 |      0 |      0 |     83 |   1 |  190.0 |
               +--------+--------+--------+--------+--------+-----+--------+

Top non-repeatable levels by time:
    D:10: 1767 daAuts
  Lair:3: 1761 daAuts
  Lair:2: 1748 daAuts
  Lair:4: 1579 daAuts
     D:6: 1521 daAuts
     D:5: 1413 daAuts
  Lair:1: 1371 daAuts
     D:3: 1325 daAuts
     D:8: 1197 daAuts
     D:2: 1195 daAuts
     D:7: 1014 daAuts
     D:4: 947 daAuts
     D:9: 881 daAuts
     D:1: 578 daAuts
 Ossuary: 190 daAuts
